 Dungeon Crawl Stone Soup version 0.21.1-1-g345015fe64 (webtiles) character file.

63 Jannitor the Magician (level 3, -4/28 HPs)
             Began as a Deep Elf Earth Elementalist on June 8, 2018.
             Slain by Grinder (5 damage)
             ... on level 3 of the Dungeon.
             The game lasted 00:02:42 (1348 turns).

Jannitor the Magician (Deep Elf Earth Elementalist) Turns: 1348, Time: 00:02:43

Health: -4/28      AC:  2    Str: 11    XL:     3   Next: 89%
Magic:  10/10      EV: 14    Int: 21    God:
Gold:   5          SH:  0    Dex: 15    Spells: 9/10 levels left

rFire    . . .     SeeInvis .   n - +0 short sword
rCold    . . .     Gourm    .   (no shield)
rNeg     . . .     Faith    .   c - +0 robe
rPois    .         Spirit   .   (no helmet)
rElec    .         Reflect  .   (no cloak)
rCorr    .         Harm     .   (no gloves)
MR       .....                  (no boots)
Stlth    ..........             p - amulet of rage
HPRegen  0.09/turn              h - +2 ring of intelligence
MPRegen  0.12/turn              (no ring)

@: berserking, very quick
A: no striking features
a: Evoke Berserk Rage


You were on level 3 of the Dungeon.
You were very hungry.

You visited 1 branch of the dungeon, and saw 3 of its levels.

You collected 5 gold pieces.

Inventory:

Hand Weapons
 n - a +0 short sword (weapon)
Missiles
 b - 19 stones (quivered)
 q - 7 arrows
Armour
 c - a +0 robe (worn)
Jewellery
 h - a +2 ring of intelligence (left hand)
 p - an amulet of rage (around neck)
 s - a cursed ring of loudness {unknown}
Scrolls
 a - a scroll of enchant armour {unknown}
 g - 2 scrolls of teleportation {unknown}
 i - a scroll of immolation {unknown}
 m - 2 scrolls of identify {unknown}
 o - a scroll of fog {unknown}
Potions
 f - 2 potions of berserk rage {unknown}
 j - 3 potions of lignification {unknown}
 k - a potion of invisibility {unknown}
 l - 2 potions of brilliance {unknown}
Books
 e - a book of Geomancy

   Spells                             Type                      Level
   a - Sandblast                      Earth                        1
   b - Passwall                       Transmutation/Earth          2
   c - Stone Arrow                    Conjuration/Earth            3
   d - Petrify                        Transmutation/Earth          4
   e - Lee's Rapid Deconstruction     Earth                        5
Comestibles
 d - 2 rations
 r - 8 chunks of flesh


   Skills:
 + Level 3.5 Dodging
 - Level 2.4 Stealth
 + Level 4.1 Spellcasting
   Level 1.1 Transmutations
 + Level 4.1 Earth Magic


You had 9 spell levels left.
You knew the following spells:

 Your Spells              Type           Power        Failure   Level  Hunger
a - Sandblast             Erth           ###...       2%          1    None


Dungeon Overview and Level Annotations

Branches:
Dungeon (3/15)

Altars:

Annotations:
D:3 Grinder


Message History

There is a stone staircase leading down here.
You climb downwards.
Grinder comes into view.
Found 11 gold pieces.
There is a stone staircase leading up here.
Unknown command.
Grinder is nearby!
You found a teleport trap!
The helpless Grinder fails to defend herself.
You puncture Grinder!
Grinder is moderately wounded.
Grinder says, "FISH!"
Grinder hits you.
You writhe in agony.
A red film seems to cover your vision as you go berserk!
You feel yourself moving faster!
You feel mighty!
You are feeling very hungry.
Grinder hits you!
* * * LOW HITPOINT WARNING * * *
You writhe in agony.
You die...

.# . . ..
.# ... .#
... ..# #
.$ #.##...
#.###.^...#
#..<@5.#
##....##
#....#
...#.##
###.#..
..###. #.#
. .. .


You could see Grinder.

Vanquished Creatures
  3 adders (D:2)
  An ooze (D:2)
  A dart slug (D:1)
  A leopard gecko (D:1)
  A giant cockroach (D:1)
  5 goblins
  8 hobgoblins
  A ball python (D:1)
  2 bats (D:1)
  A frilled lizard (D:2)
  2 kobolds (D:1)
  3 rats
29 creatures vanquished.

Notes
Turn   | Place    | Note
-------+----------+-------------------------------------------
     0 | D:1      | Jannitor the Deep Elf Earth Elementalist began the quest for the Orb.
     0 | D:1      | Reached XP level 1. HP: 10/10 MP: 6/6
   265 | D:1      | Reached XP level 2. HP: 13/15 MP: 6/8
   948 | D:2      | Reached XP level 3. HP: 19/19 MP: 3/10
  1029 | D:2      | Noticed a black bear
  1345 | D:3      | Noticed Grinder
  1348 | D:3      | HP: 1/28 [Grinder (8)]
  1348 | D:3      | Slain by Grinder

Skill      XL: |  1  2  3 |
---------------+----------+-----
Dodging        | 3 |  3.5
Spellcasting   | 4 |  4.1
Earth Magic    | 4 |  4.1
Stealth        | |  2.4
Transmutations | |  1.1

Action                   || total
-------------------------++-------
Melee: Unarmed           ||     1
       Short sword       ||    51
 Cast: Sandblast         ||    32
 Abil: Evoke Berserk Rag ||     2
 Stab: Sleeping          ||     1
  Eat: Chunk             ||     2
Armor: Robe              ||    14
Dodge: Dodged            ||    62
